 Dungeon Crawl Stone Soup version 0.23-a0-643-g9ccc95a (webtiles) character file.

2321 Amnesiac the Carver (level 9, -2/66 HPs)
             Began as a Spriggan Berserker on Jan 1, 2019.
             Was a High Priest of Trog.
             Slain by Prince Ribbit (6 damage)
             ... on level 8 of the Dungeon.
             The game lasted 00:16:50 (7584 turns).

Amnesiac the Carver (Spriggan Berserker)            Turns: 7584, Time: 00:16:51

Health: -2/66      AC:  3    Str: 19 (21) XL:     9   Next: 19%
Magic:  10/10      EV: 22    Int:  9      God:    Trog [*****.]
Gold:   385        SH:  0    Dex: 13 (15) Spells: 8/8 levels left

rFire    . . .     SeeInvis +   a - +0 scimitar
rCold    . . .     Gourm    .   (shield restricted)
rNeg     . . .     Faith    .   b - +0 animal skin
rPois    .         Spirit   .   (helmet restricted)
rElec    .         Reflect  .   (no cloak)
rCorr    .         Harm     .   (gloves unavailable)
MR       +....     Clarity  +   (boots unavailable)
Stlth    ..........             s - amulet of the acrobat
HPRegen  0.21/turn              y - +1 ring of protection
MPRegen  0.12/turn              D - ring of flight

@: berserking (expiring), flying, very quick
A: very small, unfitting armour, see invisible, clarity, herbivore, speed 3,
screaming 1, slow metabolism 2, MP-powered wands
a: Berserk, Trog's Hand, Brothers in Arms, Renounce Religion


You were on level 8 of the Dungeon.
You worshipped Trog.
Trog was extremely pleased with you.
You were not hungry.

You visited 1 branch of the dungeon, and saw 9 of its levels.
You also visited: Ossuary.

You collected 385 gold pieces.

Inventory:

Hand Weapons
 a - a +0 scimitar (weapon)
 I - a +0 short sword of flaming
 K - the +8 mace of the Beast {antimagic, rPois Dex+2, unknown}
   (You found it on level 7 of the Dungeon)

   It reduces the magical energy of the wielder, and disrupts the spells and
   magical abilities of those hit.
   Natural abilities and divine invocations are not affected.
   It affects your dexterity (+2).
   It protects you from poison.
Missiles
 o - 15 poisoned needles
 v - 8 needles of confusion
 J - 2 throwing nets (quivered)
Armour
 b - a +0 animal skin (worn)
Jewellery
 f - a +2 ring of intelligence
 s - an amulet of the acrobat (around neck)
 y - a +1 ring of protection (left hand)
 A - an uncursed ring of resist corrosion
 D - a ring of flight (right hand)
Wands
 t - a wand of disintegration (10)
 B - a wand of iceblast (14)
 C - a wand of enslavement (8)
 F - a wand of paralysis (6)
 G - a wand of polymorph (16)
 H - a wand of flame (31)
 L - a wand of random effects (24)
Scrolls
 d - 2 scrolls of enchant weapon {!r, unknown}
 e - 2 scrolls of fear {!r}
 g - 2 scrolls of teleportation {!r}
 h - 12 scrolls of identify {!r}
 k - 4 scrolls of remove curse {!r}
 n - a scroll of magic mapping {!r}
 q - 2 scrolls of fog {!r}
Potions
 i - a potion of curing {!q}
 l - a potion of degeneration {!q}
 p - a potion of invisibility {!q, unknown}
 r - 2 potions of flight {!q}
 u - a potion of magic {!q, unknown}
 w - a potion of agility {!q, unknown}
 z - 4 potions of mutation {!q}
 E - 2 potions of brilliance {!q, unknown}
 M - a potion of haste {!q}
Comestibles
 c - 8 rations


   Skills:
 - Level 3.0 Fighting
 * Level 9.7 Long Blades
 - Level 8.0 Dodging


You had 8 spell levels left.
You didn't know any spells.
Your spell library contained the following spells:

 Spells                   Type           Power        Failure   Level  Hunger
 Animate Skeleton         Necr           N/A          38%         1    ##.....
 Corona                   Hex            #......      38%         1    ##.....
 Pain                     Necr           #...         38%         1    ##.....
 Ensorcelled Hibernation  Hex/Ice        #.....       52%         2    ###....
 Slow                     Hex            #.......     52%         2    ###....
 Confuse                  Hex            #.......     77%         3    ####...
 Conjure Flame            Conj/Fire      #.......     77%         3    ####...
 Dazzling Spray           Conj/Hex       #.....       77%         3    ####...
 Inner Flame              Hex/Fire       #.......     77%         3    ####...
 Portal Projectile        Hex/Tloc       #.....       77%         3    ####...
 Static Discharge         Conj/Air       #.......     77%         3    ####...
 Tukima's Dance           Hex            #.......     77%         3    ####...
 Cause Fear               Hex            #.........   99%         4    #####..
 Leda's Liquefaction      Hex/Erth       #.........   99%         4    #####..
 Bolt of Cold             Conj/Ice       #.........   100%        6    #######
 Simulacrum               Ice/Necr       #.........   100%        6    #######


Dungeon Overview and Level Annotations

Branches:
Dungeon (9/15)             Temple (0/1) D:4
   Lair: D:8-11         Orc: D:9-12

Altars:
Fedhas
Gozag
Ru
Trog
Uskayaw
The Shining One

Shops:
D:4 =

Annotations:
D:7 Harold
D:8 Prince Ribbit


Innate Abilities, Weirdness & Mutations

You are very small and have problems with some larger weapons.
You are too small for most types of armour.
You have supernaturally acute eyesight. (SInv)
You are a herbivore.
You cover ground extremely quickly.
You need to consume almost no food.
You possess an exceptional clarity of mind.
You occasionally shout uncontrollably at your foes.
You expend magic power (3 MP) to strengthen your wands.


Message History

* * * LOW HITPOINT WARNING * * *
The sky beast hits you but does no damage.
The worker ant misses you.
Really quaff
i - 2 potions of curing {!q}?
You feel better. The sky beast closely misses you.
The worker ant closely misses you.
Prince Ribbit sighs, "It's not easy being green!"
Really read
h - 13 scrolls labeled LIWKAFITZA {!r}?
As you read the scroll labeled LIWKAFITZA {!r}, it crumbles to dust.
It is a scroll of identify.
M - a potion of haste {!q} The sky beast hits you but does no damage.
The worker ant completely misses you.
Really read
k - 5 scrolls labeled BISULE GINK {!r}?
As you read the scroll labeled BISULE GINK {!r}, it crumbles to dust.
You feel as if something is helping you.
It was a scroll of remove curse {!r}.
The worker ant barely misses you. The sky beast barely misses you.
Really read
g - 3 scrolls labeled TYODIDW TOFAYVAEX {!r}?
As you read the scroll labeled TYODIDW TOFAYVAEX {!r}, it crumbles to dust.
You feel strangely unstable.
It was a scroll of teleportation {!r}.
The worker ant completely misses you. The sky beast closely misses you.
Okay, then.
Really quaff
j - a ruby potion {!q}?
It was a potion of berserk rage {!q}.
A red film seems to cover your vision as you go berserk!
You feel yourself moving faster!
You feel mighty! The worker ant misses you. The sky beast closely misses you.
The worker ant completely misses you.
You riposte.
You closely miss the worker ant. You hit the sky beast.
The sky beast is severely wounded.
The sky beast hits you but does no damage.
You barely miss the sky beast.
The sky beast is severely wounded.
Your surroundings suddenly seem different.
An ice beast comes into view.
You slice the ice beast!!
The ice beast is severely wounded.
Prince Ribbit blinks!
You slash the ice beast!
The ice beast is almost dead.
The ice beast misses you.
You riposte.
You hit the ice beast.
You kill the ice beast!
Trog accepts your kill.
Level annotation: Prince Ribbit Welcome back, Amnesiac the Spriggan Berserker.
Trog says: Kill them all!
Press ? for a list of commands and other information.
You barely miss the crimson imp. You slash Prince Ribbit!
Prince Ribbit is moderately wounded.
The crimson imp barely misses you.
You riposte.
You closely miss the crimson imp. You miss Prince Ribbit.
Prince Ribbit is moderately wounded.
Prince Ribbit closely misses you. The crimson imp misses you.
You closely miss Prince Ribbit.
Prince Ribbit is moderately wounded.
Prince Ribbit hits you!
* * * LOW HITPOINT WARNING * * *
You hit Prince Ribbit.
Prince Ribbit is moderately wounded.
Prince Ribbit hits you.
You die...

*,,,,#+#..........)(.##
#,,,,#.#.............##
#..###≈###...........##
#..+...Y.'...........##
#..###.###5###.#......#
#....#.#...#........#.#
*#...#+#..?#........#.#
#.....5Z.......(...#..
*#...@F#.##........##.
#.....#<,.(..........
##########........##.
*,,,,...,*#.
*,,,,..,,*## *,,,,.,,,*
**********


You could see Prince Ribbit, 2 crimson imps and a bullfrog skeleton.

Vanquished Creatures
  A sky beast (D:5)
  An ice beast (D:8)
  An orc warrior (D:6)
  A hornet zombie (D:5)
  3 centaurs
  An elf zombie (Ossuary)
  A bullfrog (D:7)
  7 wights
  3 crimson imps
  A bullfrog skeleton (D:4)
  A jelly (D:6)
  5 orc priests
  3 centaur zombies
  4 hounds
  5 orc wizards
  2 human zombies (Ossuary)
  A centaur skeleton (D:5)
  An iguana (D:4)
  7 worker ants
  A big kobold zombie (Ossuary)
  A hound zombie (D:7)
  2 mummies (Ossuary)
  3 gnolls (D:7)
  5 adders
  4 shadow imps
  2 oozes (D:2)
  An adder skeleton (D:4)
  6 worms
  2 leopard geckos
  30 orcs
  2 ball pythons
  6 bats
  5 giant cockroaches
  7 goblins
  9 hobgoblins
  9 kobolds
  6 quokkas
  6 frilled lizards
  A goblin zombie (Ossuary)
  6 hobgoblin zombies (Ossuary)
  16 kobold zombies (Ossuary)
  5 orc zombies (Ossuary)
  12 rats
  2 rat zombies (Ossuary)
198 creatures vanquished.

Notes
Turn   | Place    | Note
-------+----------+-------------------------------------------
     0 | D:1      | Amnesiac the Spriggan Berserker began the quest for the
                  | Orb.
     0 | D:1      | Reached XP level 1. HP: 11/11 MP: 2/2
    72 | D:1      | Reached XP level 2. HP: 14/16 MP: 3/3
   363 | D:1      | Reached ** piety under Trog
   371 | D:1      | Reached skill level 3 in Long Blades
   412 | D:1      | Reached XP level 3. HP: 14/19 MP: 4/4
   768 | D:2      | Reached skill level 5 in Dodging
   897 | D:2      | Found a blossoming altar of Fedhas.
   909 | D:2      | Reached XP level 4. HP: 21/23 MP: 5/5
  1365 | D:2      | Noticed a moth of wrath
  1367 | D:2      | Found a bloodstained altar of Trog.
  2130 | D:3      | Reached *** piety under Trog
  2641 | D:4      | Reached XP level 5. HP: 25/28 MP: 6/6
  2746 | D:4      | You fall through a shaft!
  2746 | D:5      | Entered Level 5 of the Dungeon
  2747 | D:5      | Noticed an ice beast
  2833 | D:4      | Reached skill level 4 in Long Blades
  3317 | D:4      | Found a staircase to the Ecumenical Temple.
  3351 | D:4      | Found Noyxygg's Jewellery Shop.
  3403 | D:4      | Reached XP level 6. HP: 28/32 MP: 7/7
  3865 | D:5      | Reached skill level 5 in Long Blades
  4035 | D:5      | Noticed a sky beast
  4294 | D:5      | Killed a sky beast
  4294 | D:5      | Reached XP level 7. HP: 25/36 MP: 8/8
  4822 | D:5      | Reached skill level 6 in Long Blades
  4845 | D:5      | Reached **** piety under Trog
  4925 | D:5      | Found a sacrificial altar of Ru.
  5350 | D:5      | Found a hide-covered altar of Uskayaw.
  5350 | D:5      | Found a glowing golden altar of the Shining One.
  5409 | D:6      | Identified Fina's Guide on Lethal Arcane Weapons
  5487 | D:6      | Reached skill level 7 in Long Blades
  5487 | D:6      | Reached XP level 8. HP: 14/40 MP: 9/9
  5810 | D:6      | Identified the +4 war axe of the Madman {chop, rC+ Int-2
                  | Stlth+}
  5863 | D:6      | Reached skill level 8 in Long Blades
  6209 | D:7      | Found an opulent altar of Gozag.
  6324 | D:7      | Got an encrusted mace
  6356 | D:7      | Noticed Harold
  6383 | D:7      | Reached ***** piety under Trog
  6391 | D:7      | Reached skill level 9 in Long Blades
  6657 | D:7      | Identified a scroll of acquirement {!r}
  6761 | D:8      | Noticed Prince Ribbit
  6795 | D:8      | Found a sand-covered staircase.
  6801 | Ossuary  | Entered an ossuary
  7117 | Ossuary  | Reached XP level 9. HP: 18/44 MP: 10/10
  7566 | D:8      | Gained mutation: You expend magic power (3 MP) to
                  | strengthen your wands. [potion of mutation]
  7566 | D:8      | Gained mutation: You occasionally shout uncontrollably at
                  | your foes. [potion of mutation]
  7566 | D:8      | Gained mutation: You possess an exceptional clarity of
                  | mind. [potion of mutation]
  7568 | D:8      | HP: 1/44 [worker ant (6)]
  7584 | D:8      | Slain by Prince Ribbit

Vault maps used:
D:1:      shiori_arrival_elements, minmay_unequal
D:2:      tgw_trog, old_standard_altar, first_ration, eino_tiny_chamber,
          minmay_pentomino_x4
D:4:      minmay_temple_entry_proselytizer, serial_shops, shop
D:5:      gammafunk_temple_overflow_elements, nrook_campfire,
          small_statue_intersection, nicolae_ru_sacrificial_ziggurat
D:6:      st_stairs_5
D:7:      marbit_many_paths, gammafunk_ghost_nasty_kobolds,
          nicolae_gozag_seed_capital, uniq_harold
D:8:      nicolae_ossuary_entry_plus, uniq_prince_ribbit1
D:9:      lemuel_mausoleum_altar_kikubaaqudgha, basic_altar, serial_shops, shop,
          ebering_ghost_disaster_area, hangedman_ranch,
          minmay_guarded_unrand_variability
Ossuary:  ossuary_tomb_1

Skill      XL: |  1  2  3  4  5  6  7  8 |
---------------+-------------------------+-----
Long Blades    | 3 4 5 7 9 |  9.7
Dodging        | 5 6 7 8 |  8.0
Fighting       | 3 |  3.0

Action                   |  1- 3 |  4- 6 |  7- 9 || total
-------------------------+-------+-------+-------++-------
Melee: Falchion          |   103 |    61 |       ||   164
       Short sword       |       |   216 |   187 ||   403
       Scimitar          |       |       |   274 ||   274
Invok: Berserk           |       |     1 |     7 ||     8
  Use: Potion            |       |     1 |     8 ||     9
       Scroll            |       |       |     8 ||     8
 Stab: Sleeping          |       |       |     1 ||     1
  Eat: Ration            |       |     4 |     4 ||     8
Armor: Animal skin       |    11 |    14 |    31 ||    56
Dodge: Dodged            |    79 |   230 |   415 ||   724
       Rpst.: Falchion   |    31 |    19 |       ||    50
       Scimitar          |       |       |    82 ||    82

Table legend:
 A = Non-vault XP
 B = Vault XP
 C = Vault XP percentage of total XP
 D = Non-vault monster count
 E = Vault monster count
 F = Vault count percentage of total count
                 A         B        C        D         E       F
            +---------+---------+-------+---------+---------+-------
      Total |    2714 |     603 |  18.2 |     144 |      54 |  27.3
            +---------+---------+-------+---------+---------+-------
        D:1 |      44 |       5 |  10.2 |      25 |       3 |  10.7
        D:2 |      64 |      29 |  31.2 |      21 |       9 |  30.0
        D:3 |      36 |       0 |   0.0 |      12 |       0 |   0.0
        D:4 |     224 |      43 |  16.1 |      16 |       1 |   5.9
        D:5 |     754 |       0 |   0.0 |      24 |       0 |   0.0
        D:6 |     733 |     157 |  17.6 |      18 |       3 |  14.3
        D:7 |     570 |       0 |   0.0 |      19 |       0 |   0.0
        D:8 |     289 |       0 |   0.0 |       9 |       0 |   0.0
    Ossuary |       0 |     369 | 100.0 |       0 |      38 | 100.0
            +---------+---------+-------+---------+---------+-------
